 Dungeon Crawl Stone Soup version 0.23.2-40-g277498a001 (webtiles) character file.

Game seed: 18226121584167601245

7196 MalarOregon the Thaumaturge (level 10, -3/86 HPs)
             Began as a White Draconian Conjurer on Sept 4, 2019.
             Was a Follower of Nemelex Xobeh.
             Slain by a blink frog (13 damage)
             ... on level 1 of the Lair of Beasts.
             The game lasted 00:34:54 (13461 turns).

MalarOregon the Thaumaturge (DrCj)                 Turns: 13461, Time: 00:34:54

Health: -3/86      AC: 12    Str: 13    XL:     10   Next: 87%
Magic:  2/31       EV: 15    Int: 20    God:    Nemelex Xobeh [*.....]
Gold:   841        SH:  4    Dex: 11    Spells: 16/26 levels left

rFire    . . .     SeeInvis .   y - +2 whip (holy)
rCold    + . .     Gourm    .   (no shield)
rNeg     . . .     Faith    .   (armour unavailable)
rPois    .         Spirit   .   (helmet restricted)
rElec    .         Reflect  +   J - +2 cloak
rCorr    .         Harm     .   u - +0 pair of gloves
MR       .....                  w - +0 pair of boots
Stlth    +++.......             r - +4 amulet of reflection
HPRegen  0.24/turn              B - ring of magical power
MPRegen  0.22/turn              z - +3 ring of strength

@: no status effects
A: breathe frost, unfitting armour, cold resistance 1, cold-blooded, AC +7
a: Breathe Frost, Draw Escape, Draw Destruction, Draw Summoning, Renounce
Religion


You were on level 1 of the Lair of Beasts.
You worshipped Nemelex Xobeh.
Nemelex Xobeh was aware of your devotion.
You were not hungry.

You visited 3 branches of the dungeon, and saw 11 of its levels.
You visited the Abyss 1 time.

You collected 841 gold pieces.

Inventory:

Hand Weapons
 y - a +2 whip of holy wrath (weapon)
   (You took it off a big kobold on level 9 of the Dungeon)
Missiles
 A - 129 arrows
Armour
 u - a +0 pair of gloves (worn)
   (You found it on level 4 of the Dungeon)
 w - a +0 pair of boots (worn)
   (You found it on level 4 of the Dungeon)
 J - a +2 cloak (worn)
   (You took it off Maurice on level 8 of the Dungeon)
 L - a cursed +0 cloak
   (You found it on level 1 of the Abyss)
Jewellery
 f - an uncursed ring of positive energy
   (You found it on level 1 of the Dungeon)
 i - an uncursed ring of protection from fire
   (You found it on level 1 of the Dungeon)
 o - an uncursed ring of protection from cold
   (You found it on level 1 of the Dungeon)
 r - a +4 amulet of reflection (around neck)
   (You found it on level 2 of the Dungeon)
 z - a +3 ring of strength (right hand)
   (You found it on level 5 of the Dungeon)
 B - a ring of magical power (left hand)
   (You found it on level 5 of the Dungeon)
 D - an uncursed ring of protection from cold
   (You found it on level 6 of the Dungeon)
Wands
 c - a wand of disintegration (1)
   (You took it off Maurice on level 8 of the Dungeon)
 d - a wand of iceblast (6)
   (You found it on level 8 of the Dungeon)
Scrolls
 b - 6 scrolls of identify {@r1}
 g - 3 scrolls of blinking
 h - 2 scrolls of enchant weapon
 k - 3 scrolls of amnesia
 n - 6 scrolls of teleportation {@r4}
 t - a scroll of noise {!r}
 x - a scroll of fear
 C - a scroll of random uselessness {unknown}
 F - a scroll of magic mapping {unknown}
 I - 6 scrolls of remove curse {@r2}
 K - a scroll of fog {unknown}
Potions
 a - 2 potions of curing {@q1}
 j - 4 potions of haste {unknown}
 l - a potion of berserk rage {unknown}
 m - 2 potions of brilliance {unknown}
 p - 3 potions of flight
 q - a potion of cancellation {unknown}
 s - 3 potions of heal wounds {@q2}
 E - 2 potions of resistance {unknown}
 G - 2 potions of magic {unknown}
 H - a potion of might
Comestibles
 e - 13 rations {!d}


   Skills:
 + Level 7.1 Fighting
 + Level 6.4 Dodging
 + Level 6.7 Stealth
 * Level 8.8 Spellcasting
 + Level 7.7 Conjurations
 + Level 4.7 Invocations


You had 16 spell levels left.
You knew the following spells:

 Your Spells              Type           Power        Failure   Level  Hunger
a - Magic Dart            Conj           ####         1%          1    None
b - Dazzling Spray        Conj/Hex       ###...       4%          3    None
s - Searing Ray           Conj           #####.       1%          2    None
x - Iskenderun's Mystic   Conj           #####...     3%          4    ###....

Your spell library contained the following spells:

 Spells                   Type           Power        Failure   Level  Hunger
 Stone Arrow              Conj/Erth      ###...       4%          3    None
 Corona                   Hex            #......      8%          1    None
 Sandblast                Erth           #.....       8%          1    None
 Ensorcelled Hibernation  Hex/Ice        #.....       12%         2    None
 Passwall                 Tmut/Erth      #.......     12%         2    None
 Force Lance              Conj/Tloc      ###.....     16%         4    ###....
 Fulminant Prism          Conj/Hex       ###.......   16%         4    ###....
 Confuse                  Hex            #.......     24%         3    None
 Tukima's Dance           Hex            #.......     24%         3    None
 Petrify                  Tmut/Erth      #.......     61%         4    ###....
 Lee's Rapid Deconstruct  Erth           #.........   91%         5    #####..


Dungeon Overview and Level Annotations

Branches:
Dungeon (9/15)             Temple (1/1) D:7            Lair (1/6) D:9
    Orc: D:9-12

Altars:
Ashenzari
Cheibriados
Dithmenos
Elyvilon
Fedhas
Gozag
Hepliaklqana
Kikubaaqudgha
Makhleb
Nemelex Xobeh
Okawaru
Qazlal
Ru
Sif Muna
Trog
Uskayaw
Vehumet
Wu Jian
Xom
Yredelemnul
Zin
The Shining One

Annotations:
D:4 1 runed translucent door, H0rd4k's ghost, novice HuAr
D:9 death yaks


Innate Abilities, Weirdness & Mutations

You can breathe waves of freezing cold.
You can buffet flying creatures when you breathe cold.
Your icy white scales are hard. (AC +7)
You cannot fit into any form of body armour.
Your flesh is cold resistant. (rC+)
You are cold-blooded and may be slowed by cold attacks.


Message History

Okay, then.
You barely miss the hippogriff. You block the hippogriff's attack.
The hippogriff closely misses you.
The hippogriff claws you but does no damage.
MalarOregon's illusion hits the hippogriff!
You barely miss the hippogriff.
The blink frog blinks!
The hippogriff completely misses you. The hippogriff barely misses you.
The hippogriff claws you.
* * * LOW HITPOINT WARNING * * *
MalarOregon's illusion barely misses the hippogriff.
You hit the hippogriff.
The blink frog blinks!
The hippogriff bites you but does no damage.
The hippogriff pecks you but does no damage.
The hippogriff claws you but does no damage.
MalarOregon's illusion hits the hippogriff!
The hippogriff dies!
The blink frog blinks!
Aim: a basilisk (severely wounded) Really fire in your ally MalarOregon's illusion's direction?
Okay, then.
Unknown command.
You barely miss the basilisk.
You tail-slap the basilisk, but do no damage.
MalarOregon's illusion misses the basilisk.
The blink frog hits you!!
* * * LOW HITPOINT WARNING * * *
The blink frog blinks!
The basilisk barely misses you.
Aim: a basilisk (severely wounded)
The searing ray hits the basilisk. (Press . to maintain the ray.)
The blink frog blinks!
MalarOregon's illusion hits the basilisk!
The basilisk dies!
The searing ray hits the porcupine!
The porcupine barely misses you.
MalarOregon's illusion is struck by the porcupine's spines.
MalarOregon's illusion barely misses the porcupine.
The searing ray hits the porcupine!
You kill the porcupine!
The blink frog barely misses you.
The searing ray misses the blink frog. x2
You finish channeling your searing ray.
You hit the blink frog. You tail-slap the blink frog. The blink frog hits you!
* * * LOW HITPOINT WARNING * * *
The blink frog misses you.
MalarOregon's illusion hits the blink frog.
The blink frog blinks!
MalarOregon's illusion disappears in a puff of smoke!
The blink frog hits you!
You die...
Your body disappears without a glow.

##..## ##..# #..#
#.## ##.# #.# .
.... ###.. #.##
.#...#. . .. #..#
#.....# %. .. #.##
####....##S. .. #.#
####.#..F.H..# ..
#.####.8..#..##.#.#
..
#.##....@F#...†...#
..
#...#8.>..†...8...+
..
#.###....§#.......#
#. #.#
##.8.##..#.##.# #..
######...... # #.#
##F...#.# #.#
#.....## ...
.#...#. # #. .
...#.#


You could see a blink frog.

Vanquished Creatures
  Erica (D:9)
  2 death yaks (D:9)
  A black mamba (Lair:1)
  Maurice (D:8)
  A blink frog (Lair:1)
  A hornet (D:8)
  A hungry ghost (D:7)
  A water moccasin (Lair:1)
  4 orc warriors
  3 porcupines (Lair:1)
  A phantom (D:9)
  3 sky beasts
  2 necrophages
  3 ice beasts
  7 ogres
  3 centaurs
  A big kobold (D:9)
  A crocodile (Lair:1)
  2 bullfrogs (D:8)
  A scorpion (D:7)
  4 wights (D:8)
  A howler monkey (D:7)
  2 crimson imps
  2 bullfrog zombies (D:6)
  A quasit (D:5)
  2 jellies
  4 orc priests
  3 hounds
  7 orc wizards
  2 bullfrog skeletons (D:4)
  2 iguanas (D:5)
  A worker ant (D:4)
  A hound skeleton (D:4)
  2 worker ant zombies (D:6)
  3 gnolls (D:2)
  10 adders
  2 shadow imps
  An adder zombie (D:9)
  3 worms
  3 dart slugs
  4 leopard geckos
  24 orcs
  A ball python (D:4)
  5 giant cockroaches
  6 goblins
  5 hobgoblins
  7 jackals
  2 quokkas
  2 bats (D:2)
  A frilled lizard (D:4)
  11 kobolds
  3 rats
167 creatures vanquished.

Vanquished Creatures (collateral kills)
  A hippogriff (Lair:1)
  A basilisk (Lair:1)
2 creatures vanquished.

Vanquished Creatures (others)
  2 starspawn tentacles (Abyss:1)
2 creatures vanquished.

Grand Total: 171 creatures vanquished

Notes
Turn   | Place    | Note
-------+----------+-------------------------------------------
     0 | D:1      | MalarOregon the Draconian Conjurer began the quest for the
                  | Orb.
     0 | D:1      | Reached XP level 1. HP: 14/14 MP: 3/3
   448 | D:1      | Reached XP level 2. HP: 19/22 MP: 3/5
  1302 | D:2      | Learned a level 2 spell: Searing Ray
  1418 | D:2      | Reached skill level 1 in Fighting
  1418 | D:2      | Reached XP level 3. HP: 28/28 MP: 2/6
  1833 | D:2      | Reached XP level 4. HP: 35/35 MP: 4/8
  1959 | D:3      | Reached skill level 3 in Spellcasting
  2627 | D:3      | Noticed an ogre
  2636 | D:3      | Killed an ogre
  2636 | D:3      | Reached XP level 5. HP: 38/41 MP: 0/10
  3186 | D:4      | Reached XP level 6. HP: 49/49 MP: 7/11
  3552 | D:4      | Reached skill level 4 in Spellcasting
  3584 | D:4      | Found a runed translucent door.
  3584 | D:4      | Noticed H0rd4k's ghost (novice HuAr)
  3628 | D:4      | Reached skill level 5 in Conjurations
  3928 | D:5      | Entered Level 5 of the Dungeon
  3959 | D:5      | Your scales start taking on an icy white colour.
  3959 | D:5      | Reached XP level 7. HP: 38/57 MP: 9/13
  3959 | D:5      | Gained mutation: Your flesh is cold resistant. (rC+) [White
                  | Draconian growth]
  4229 | D:5      | Found a hide-covered altar of Uskayaw.
  4320 | D:5      | Learned a level 3 spell: Dazzling Spray
  4325 | D:5      | Learned a level 4 spell: Iskenderun's Mystic Blast
  4727 | D:5      | Reached skill level 5 in Spellcasting
  4771 | D:5      | Reached XP level 8. HP: 66/66 MP: 2/15
  7099 | D:6      | Found an ornate altar of the Wu Jian Council.
  7101 | D:6      | Found a shimmering altar of Xom.
  7101 | D:6      | Found a hide-covered altar of Uskayaw.
  7103 | D:6      | Found a glowing golden altar of the Shining One.
  7103 | D:6      | Found a shimmering altar of Xom.
  7103 | D:6      | Found a stormy altar of Qazlal.
  7205 | D:7      | Reached skill level 6 in Spellcasting
  7786 | D:7      | Found a staircase to the Ecumenical Temple.
  8007 | D:7      | Reached skill level 5 in Fighting
  8271 | Temple   | Entered the Ecumenical Temple
  8424 | Temple   | Became a worshipper of Nemelex Xobeh the Trickster
  8583 | D:8      | Reached XP level 9. HP: 74/74 MP: 18/18
  8902 | D:8      | Reached skill level 1 in Invocations
  8917 | D:8      | Reached skill level 5 in Stealth
  9090 | D:8      | Noticed Maurice
  9119 | D:8      | Killed Maurice
  9119 | D:8      | Reached skill level 5 in Dodging
  9119 | D:8      | Reached skill level 7 in Spellcasting
  9524 | D:8      | Received a gift from Nemelex Xobeh
 10709 | D:9      | Noticed a death yak
 10709 | D:9      | Noticed a death yak
 10710 | D:9      | Noticed a death yak
 10710 | D:9      | Noticed a death yak
 10711 | D:9      | Found a staircase to the Lair.
 10711 | D:9      | Noticed a death yak
 11154 | D:9      | Noticed Erica
 11168 | D:9      | Killed Erica
 11168 | D:9      | Reached XP level 10. HP: 30/83 MP: 1/21
 11187 | D:9      | Reached skill level 8 in Spellcasting
 11519 | D:9      | Noticed a death yak
 11602 | D:9      | Killed a death yak
 11871 | D:9      | Killed a death yak
 12388 | D:9      | Cast into level 1 of the Abyss (drawing a card)
 12420 | Abyss:1  | Reached * piety under Nemelex Xobeh
 12442 | Abyss:1  | Noticed a tentacled starspawn
 12471 | Abyss:1  | HP: 1/84 [spiny frog zombie (14)]
 12480 | Abyss:1  | Received a gift from Nemelex Xobeh
 12493 | D:9      | Escaped the Abyss
 12965 | Lair:1   | Entered Level 1 of the Lair of Beasts
 13020 | Lair:1   | Noticed a black mamba
 13025 | Lair:1   | Killed a black mamba
 13461 | Lair:1   | Slain by a blink frog

Skill      XL: |  1  2  3  4  5  6  7  8  9 10 |
---------------+-------------------------------+-----
Stealth        | 2 3 4 5 6 |  6.7
Dodging        | 2 3 4 5 6 |  6.4
Fighting       | 1 2 3 5 6 7 |  7.1
Spellcasting   | 3 4 5 6 7 8 |  8.8
Conjurations   | 5 6 7 |  7.7
Invocations    | 3 4 |  4.7

Action                   |  1- 3 |  4- 6 |  7- 9 | 10-12 || total
-------------------------+-------+-------+-------+-------++-------
Melee: Unarmed           |    27 |    21 |    58 |       ||   106
       Tailslap          |     5 |     2 |     9 |     2 ||    18
       Whip              |       |       |    20 |    13 ||    33
       Short sword       |       |       |    14 |       ||    14
 Cast: Magic Dart        |    49 |    33 |    90 |       ||   172
       Searing Ray       |     3 |    20 |    28 |     5 ||    56
       Iskenderun's Myst |       |       |    97 |    39 ||   136
 Abil: Breathe Frost     |       |       |     5 |     1 ||     6
       Draw Destruction  |       |       |     1 |     4 ||     5
       Draw Summoning    |       |       |       |     3 ||     3
       Draw Escape       |       |       |       |     1 ||     1
Evoke: Wand              |       |       |     3 |       ||     3
  Use: Scroll            |       |       |     6 |     5 ||    11
       Potion            |       |       |     1 |       ||     1
 Stab: Sleeping          |       |     1 |     2 |       ||     3
  Eat: Chunk             |     4 |     6 |    30 |     1 ||    41
       Ration            |       |       |     2 |     3 ||     5
Armor: Skin              |     7 |    17 |    55 |    24 ||   103
Dodge: Dodged            |    15 |    40 |   115 |    34 ||   204
Block: Other             |       |       |    12 |     6 ||    18
       Reflection        |       |       |     2 |       ||     2
